 Dungeon Crawl Stone Soup version 0.28-a0-662-g1651b1f1e0 (webtiles) character file.

Game seed: 3489775592162402051

0 runemasterragnar the Shield-Bearer (level 1, -1/20 HPs)
             Began as a Djinni Fighter on Oct 15, 2021.
             Hit by a stone thrown by a kobold (2 damage)
             ... on level 1 of the Dungeon.
             The game lasted 00:00:16 (93 turns).

runemasterragnar the Shield-Bearer (Djinni Fighter)   Turns: 93, Time: 00:00:17

Health: -1/20      AC:  6    Str: 15    XL:     1   Next: 0%
Gold:   0          EV:  9    Int:  9    God:
                   SH:  4    Dex: 12

rFire   + + .      SeeInvis .   a - +0 long sword
rCold   x . .      Faith    .   c - +0 buckler
rNeg    . . .      Spirit   .   b - +0 scale mail
rPois   ∞          Reflect  .   (no helmet)
rElec   .          Harm     .   (no cloak)
rCorr   .          Rampage  .   (no gloves)
Will    .....                   (boots unavailable)
Stlth   ..........              (no amulet)
HPRegen 0.06/turn               (no ring)
MPRegen 0.00/turn               (no ring)

@: flying
A: sickness immunity, fire resistance 2, cold vulnerability 1, float, innate
caster, hp casting, extra vitality 1
a: no special abilities


You were on level 1 of the Dungeon.
You visited 1 branch of the dungeon, and saw 1 of its levels.

Inventory:

Hand Weapons
 a - a +0 long sword (weapon)
Armour
 b - a +0 scale mail (worn)
 c - a +0 buckler (worn)
Scrolls
 e - a scroll of vulnerability {unknown}
Potions
 d - a potion of might


   Skills:
 + Level 3.0 Fighting
 + Level 1.7 Long Blades
 + Level 3.0 Armour
 + Level 3.0 Shields
 * Level 0.0 Spellcasting


You couldn't memorise any spells.
You didn't know any spells.
Your spell library was empty.

Dungeon Overview and Level Annotations

Branches:
Dungeon (1/15)

Altars:


Innate Abilities, Weirdness & Mutations

You are immune to sickness and miasma.
You are immune to poison.
Your flesh is very heat resistant. (rF++)
You are vulnerable to cold. (rC-)
You float through the air rather than walking.
You learn spells naturally, not from books.
Your magical power is your life essence.
You have superior vitality. (+4 HP)


Message History

Press ? for a list of commands and other information.
Found a staircase leading out of the dungeon.
Found a whip.
You see here a +0 whip.
Found a ring mail.
e - a scroll labelled VIRUMM HAIBEA An endoplasm comes into view.
The endoplasm quivers.
An endoplasm is nearby!
An endoplasm is nearby!
You don't know any spells.
A kobold comes into view. It is wielding a +0 dagger.
Your shield and scale mail prevent you from hitting the endoplasm.
The endoplasm hits you but does no damage.
The endoplasm hits you.
You barely miss the kobold. The kobold hits you but does no damage.
The endoplasm freezes you.
You are frozen.
You feel a terrible chill!
You hit the kobold but do no damage. The kobold hits you with a +0 dagger.
The endoplasm freezes you.
You are frozen.
You feel a terrible chill! The kobold hits you with a +0 dagger.
You are too injured to fight recklessly!
You are too injured to fight recklessly!
You are too injured to fight recklessly!
You are too injured to fight recklessly!
You are too injured to fight recklessly!
Unknown command.
You are too injured to fight recklessly!
You are too injured to fight recklessly!
You hit the endoplasm.
The endoplasm is heavily wounded.
The endoplasm hits you but does no damage.
The endoplasm freezes you.
You are frozen!
You feel a terrible chill!
* * * LOW HITPOINT WARNING * * *
You slash the endoplasm!
You kill the endoplasm!
The kobold throws a stone.
The stone hits you.
You die...

.... #. ...... #.
....... #. ...... #.
#... #. #######.##
.#####. #........#
.......###........######
......K.@....[..........
......####.........####
..... #.........# ....
#####.#.#.###### ...
.............. ..
###.#.#.###### .
...........#
###.#.#.#.....
#.#.#.#..#.#


You could see a kobold.

Vanquished Creatures
  An endoplasm (D:1)
1 creature vanquished.

Notes
Turn   | Place    | Note
-------+----------+-------------------------------------------
     0 | D:1      | runemasterragnar the Djinni Fighter began the quest for the
                  | Orb.
     0 | D:1      | Reached XP level 1. HP: 20/20 MP: 0/0
    92 | D:1      | HP: 1/20 [frozen (7)]
    93 | D:1      | Hit by a stone thrown by a kobold

Illustrated notes

Levels and vault maps discovered:
D:1:      nagdon_arrival_double_spiral, layout_basic

Action                   || total
-------------------------++-------
Melee: Long sword        ||     5
Armor: Scale mail        ||     3

Table legend: (Time is in decaauts)
 A = Elapsed time spent in this place.
 B = Non-inter-level travel time spent in this place.
 C = Inter-level travel time spent in this place.
 D = Time resting spent in this place.
 E = Time spent auto-exploring this place.
 F = Levels seen in this place.
 G = Mean time per level.
                   A        B        C        D        E       F      G
               +--------+--------+--------+--------+--------+-----+--------+
         Total |     94 |     94 |      0 |      0 |     81 |   1 |   94.0 |
       Dungeon |     94 |     94 |      0 |      0 |     81 |   1 |   94.0 |
               +--------+--------+--------+--------+--------+-----+--------+

Top non-repeatable levels by time:
     D:1: 94 daAuts
